| TOP OF THE 1ST |
|
Asheville Tourists batting - Pitching for Montgomery Rebels : RHP Emilio Bejar
|
|
Pitching: RHP Emilio Bejar
|
|
|
Batting: RHB Ulises Infante
|
0-0: Ball 1-0: Fly out, F8 (Flyball, 8RM, EV 81.9 MPH)
|
|
Batting: LHB Elias Nava
|
0-0: Swinging Strike 0-1: Swinging Strike 0-2: Ball 1-2: DOUBLE (Line Drive, 89XD, EV 106.9 MPH)
|
|
Batting: LHB Donald Mazzilli
|
0-0: Ground out 6-3 (Groundball, 6, EV 88.1 MPH) Elias Nava to third
|
|
Batting: SHB Dan Hanggie
|
0-0: Called Strike 0-1: Foul Ball, location: 2F 0-2: Ball 1-2: Strikes out swinging
|
| Top of the 1st over - 0 runs, 1 hit, 0 errors, 1 left on base; Asheville 0 - Montgomery 0 |
| BOTTOM OF THE 1ST |
|
Montgomery Rebels batting - Pitching for Asheville Tourists : RHP Lazaro Santin
|
|
Pitching: RHP Lazaro Santin
|
|
|
Batting: SHB Arthur Fischetti
|
0-0: Called Strike 0-1: Ball 1-1: Ball 2-1: Foul Ball, location: 2F 2-2: Ball 3-2: Ground out 4-3 (Groundball, 4, EV 102.5 MPH)
|
|
Batting: RHB Jarrett Sterner
|
0-0: Foul Ball, location: 2F 0-1: Ball 1-1: Foul Ball, location: 2F 1-2: Foul Ball, location: 2F 1-2: Ball 2-2: Strikes out swinging
|
|
Batting: LHB Dwayne Murphy
|
0-0: Fly out, F6 (Popup, 6MS, EV 76.9 MPH)
|
| Bottom of the 1st over - 0 runs, 0 hits, 0 errors, 0 left on base; Asheville 0 - Montgomery 0 |
| TOP OF THE 2ND |
|
Asheville Tourists batting - Pitching for Montgomery Rebels : RHP Emilio Bejar
|
|
Batting: LHB Michael Wishnevski
|
0-0: Called Strike 0-1: Called Strike 0-2: Foul Ball, location: 2F 0-2: Ball 1-2: Ball 2-2: Ball 3-2: Reached on error, E5 (Groundball, 56, EV 103.1 MPH)
|
|
Batting: LHB Michael Robbins
|
0-0: Ball 1-0: Ball 2-0: Ball 3-0: Base on Balls Michael Wishnevski to second
|
|
Batting: RHB Gareth Ledbetter
|
0-0: Ball 1-0: Swinging Strike 1-1: Foul Ball, location: 2F 1-2: SINGLE (Groundball, 34D, EV 104.4 MPH) Michael Wishnevski to third Michael Robbins to second Runner from 3rd tries for Home, SAFE, throw by RF to home
|
|
Pitching: LHP Tony Fossas
|
|
|
Batting: SHB Wayne Simmons
|
0-0: Fly out, F9 (Flyball, 89S, EV 93.8 MPH)
|
|
Batting: RHB Tony Toups
|
0-0: Called Strike 0-1: Ball 1-1: Called Strike 1-2: Strikes out looking
|
|
Batting: RHB Ulises Infante
|
0-0: Called Strike 0-1: Ball 1-1: Ball Wild Pitch! Michael Robbins to third Gareth Ledbetter to second 2-1: Ball 3-1: Called Strike 3-2: SINGLE (Flyball, 4D, EV 93.1 MPH) Michael Robbins scores Gareth Ledbetter to third Gareth Ledbetter scores
|
|
Batting: LHB Elias Nava
|
0-0: Called Strike 0-1: Called Strike 0-2: Ball 1-2: Ball 2-2: Strikes out swinging
|
| Top of the 2nd over - 3 runs, 2 hits, 1 error, 1 left on base; Asheville 3 - Montgomery 0 |
| BOTTOM OF THE 2ND |
|
Montgomery Rebels batting - Pitching for Asheville Tourists : RHP Lazaro Santin
|
|
Batting: RHB Milt Jefferson
|
0-0: Foul Ball, location: 2F 0-1: Ball 1-1: Foul Ball, location: 2F 1-2: Ball 2-2: Fly out, F7 (Flyball, 7D, EV 103.8 MPH)
|
|
Batting: LHB Ray Crowley
|
0-0: Ball 1-0: Called Strike 1-1: Ball 2-1: Foul Ball, location: 2F 2-2: Ball 3-2: Base on Balls
|
|
Batting: RHB Roberto Palacios
|
0-0: Ball 1-0: Fly out, F3 (Line Drive, 3, EV 68.1 MPH)
|
|
Batting: LHB Tyler Quistorff
|
0-0: Called Strike 0-1: Called Strike 0-2: Ball 1-2: Strikes out swinging
|
| Bottom of the 2nd over - 0 runs, 0 hits, 0 errors, 1 left on base; Asheville 3 - Montgomery 0 |
| TOP OF THE 3RD |
|
Asheville Tourists batting - Pitching for Montgomery Rebels : LHP Tony Fossas
|
|
Batting: LHB Donald Mazzilli
|
0-0: Ball 1-0: Ground out 4-3 (Groundball, 34D, EV 96.9 MPH)
|
|
Batting: SHB Dan Hanggie
|
0-0: Foul Ball, location: 2F 0-1: Foul Ball, location: 2F 0-2: Foul Ball, location: 2F 0-2: Fly out, F9 (Line Drive, 9, EV 90.0 MPH)
|
|
Batting: LHB Michael Wishnevski
|
0-0: Called Strike 0-1: Ball 1-1: Foul Ball, location: 2F 1-2: Ball 2-2: Ball 3-2: SINGLE (Groundball, 4D, EV 108.1 MPH)
|
|
Batting: LHB Michael Robbins
|
0-0: Foul Ball, location: 2F 0-1: SINGLE (Line Drive, 89M, EV 95.0 MPH) Michael Wishnevski to second Runner from 2nd tries for 3rd, SAFE, throw by RF made to third
|
|
Batting: RHB Gareth Ledbetter
|
0-0: Ball 1-0: Ball 2-0: Ball 3-0: Called Strike 3-1: Base on Balls Michael Robbins to second
|
|
Batting: SHB Wayne Simmons
|
0-0: Called Strike 0-1: Ball 1-1: Foul Ball, location: 2F 1-2: Foul Ball, location: 2F 1-2: Ball 2-2: Ball 3-2: SINGLE (Groundball, 6MD, EV 102.5 MPH) Michael Wishnevski scores Michael Robbins to third Gareth Ledbetter to second Michael Robbins scores Gareth Ledbetter to third
|
|
Batting: RHB Tony Toups
|
0-0: Swinging Strike 0-1: Swinging Strike 0-2: Foul Ball, location: 2F 0-2: Foul Ball, location: 2F 0-2: SINGLE (Line Drive, 4MD, EV 95.0 MPH) Gareth Ledbetter scores Wayne Simmons to second Runner from 2nd tries for 3rd, SAFE, throw by CF made to third
|
|
Batting: RHB Ulises Infante
|
0-0: Swinging Strike 0-1: SINGLE (Groundball, 25, EV 66.3 MPH) (infield hit) Wayne Simmons scores Tony Toups to second
|
|
Batting: LHB Elias Nava
|
0-0: Called Strike 0-1: Called Strike 0-2: Ball 1-2: Ball 2-2: Strikes out swinging
|
| Top of the 3rd over - 4 runs, 5 hits, 0 errors, 2 left on base; Asheville 7 - Montgomery 0 |
| BOTTOM OF THE 3RD |
|
Montgomery Rebels batting - Pitching for Asheville Tourists : RHP Lazaro Santin
|
|
Batting: RHB Juan Espino
|
0-0: Called Strike 0-1: SINGLE (Groundball, 56D, EV 108.1 MPH)
|
|
Batting: SHB Mike Thorpe
|
0-0: Foul Ball, location: 2F 0-1: Ball 1-1: Swinging Strike 1-2: Strikes out looking
|
|
Batting: SHB Arthur Fischetti
|
0-0: Swinging Strike 0-1: Ball 1-1: Foul Ball, location: 2F 1-2: Ball 2-2: Fielders Choice at 2nd, 4-6 (Groundball, 4, EV 103.8 MPH)
|
|
Batting: RHB Jarrett Sterner
|
0-0: Ball 1-0: Swinging Strike 1-1: Swinging Strike 1-2: Strikes out swinging
|
| Bottom of the 3rd over - 0 runs, 1 hit, 0 errors, 1 left on base; Asheville 7 - Montgomery 0 |
| TOP OF THE 4TH |
|
Asheville Tourists batting - Pitching for Montgomery Rebels : LHP Tony Fossas
|
|
Batting: LHB Donald Mazzilli
|
0-0: Ball 1-0: Ball 2-0: Ball 3-0: Called Strike 3-1: Foul Ball, location: 2F 3-2: Base on Balls
|
|
Batting: SHB Dan Hanggie
|
0-0: Ball 1-0: Swinging Strike 1-1: SINGLE (Line Drive, 78S, EV 100.6 MPH) Donald Mazzilli to second
|
|
Batting: LHB Michael Wishnevski
|
0-0: Ball 1-0: Foul Ball, location: 2F 1-1: Foul Ball, location: 2F 1-2: Foul Ball, location: 2F 1-2: Ball 2-2: Foul Ball, location: 2F 2-2: Strikes out swinging
|
|
Pitching: RHP Lee Smith
|
|
|
Batting: LHB Michael Robbins
|
0-0: Ball 1-0: Swinging Strike 1-1: Ball 2-1: Swinging Strike 2-2: Foul Ball, location: 2F 2-2: Strikes out swinging
|
|
Batting: RHB Gareth Ledbetter
|
0-0: Called Strike 0-1: Called Strike 0-2: Strikes out looking
|
| Top of the 4th over - 0 runs, 1 hit, 0 errors, 2 left on base; Asheville 7 - Montgomery 0 |
| BOTTOM OF THE 4TH |
|
Montgomery Rebels batting - Pitching for Asheville Tourists : RHP Lazaro Santin
|
|
Batting: LHB Dwayne Murphy
|
0-0: Ground out 1-3 (Groundball, 13S, EV 66.9 MPH)
|
|
Batting: RHB Milt Jefferson
|
0-0: Called Strike 0-1: Ground out 4-3 (Groundball, 4, EV 78.1 MPH)
|
|
Batting: LHB Ray Crowley
|
0-0: Ball 1-0: Ball 2-0: Called Strike 2-1: Called Strike 2-2: Ball 3-2: Foul Ball, location: 2F 3-2: Base on Balls
|
|
Batting: RHB Roberto Palacios
|
0-0: Ball 1-0: Swinging Strike 1-1: Ball 2-1: Fly out, F9 (Flyball, 89S, EV 86.3 MPH)
|
| Bottom of the 4th over - 0 runs, 0 hits, 0 errors, 1 left on base; Asheville 7 - Montgomery 0 |
| TOP OF THE 5TH |
|
Asheville Tourists batting - Pitching for Montgomery Rebels : RHP Lee Smith
|
|
Batting: SHB Wayne Simmons
|
0-0: Called Strike 0-1: Ball 1-1: Ball 2-1: Foul Ball, location: 2F 2-2: Foul Ball, location: 2F 2-2: Ball 3-2: Strikes out looking
|
|
Batting: RHB Tony Toups
|
0-0: Called Strike 0-1: Fly out, F8 (Flyball, 8RD, EV 89.4 MPH)
|
|
Batting: RHB Ulises Infante
|
0-0: Called Strike 0-1: Foul Ball, location: 2F 0-2: Strikes out swinging
|
| Top of the 5th over - 0 runs, 0 hits, 0 errors, 0 left on base; Asheville 7 - Montgomery 0 |
| BOTTOM OF THE 5TH |
|
Montgomery Rebels batting - Pitching for Asheville Tourists : RHP Lazaro Santin
|
|
Batting: LHB Tyler Quistorff
|
0-0: Ball 1-0: Ground out 4-3 (Groundball, 4, EV 92.5 MPH)
|
|
Batting: RHB Juan Espino
|
0-0: Ball 1-0: Ball 2-0: Ball 3-0: Called Strike 3-1: Swinging Strike 3-2: Foul Ball, location: 2F 3-2: Foul Ball, location: 2F 3-2: Base on Balls
|
|
Batting: SHB Mike Thorpe
|
0-0: Ball 1-0: SINGLE (Flyball, 56D, EV 87.5 MPH) Juan Espino to second
|
|
Batting: SHB Arthur Fischetti
|
0-0: Ball 1-0: Ball 2-0: Called Strike 2-1: Ball 3-1: Base on Balls Juan Espino to third Mike Thorpe to second
|
|
Batting: RHB Jarrett Sterner
|
0-0: Called Strike 0-1: Called Strike 0-2: Ball 1-2: Ball 2-2: Ball 3-2: Fly out, F5 (Popup, 25, EV 93.1 MPH)
|
|
Batting: LHB Dwayne Murphy
|
0-0: Ball 1-0: Called Strike 1-1: Called Strike 1-2: Ball 2-2: Strikes out swinging
|
| Bottom of the 5th over - 0 runs, 1 hit, 0 errors, 3 left on base; Asheville 7 - Montgomery 0 |
| TOP OF THE 6TH |
|
Asheville Tourists batting - Pitching for Montgomery Rebels : RHP Lee Smith
|
|
Batting: LHB Elias Nava
|
0-0: Ball 1-0: Ground out 3-1 (Groundball, 34, EV 86.3 MPH)
|
|
Batting: LHB Donald Mazzilli
|
0-0: Foul Ball, location: 2F 0-1: Foul Ball, location: 2F 0-2: Strikes out swinging
|
|
Batting: SHB Dan Hanggie
|
0-0: Ball 1-0: Ball 2-0: Ground out 6-3 (Groundball, 6M, EV 105.0 MPH)
|
| Top of the 6th over - 0 runs, 0 hits, 0 errors, 0 left on base; Asheville 7 - Montgomery 0 |
| BOTTOM OF THE 6TH |
|
Montgomery Rebels batting - Pitching for Asheville Tourists : RHP Lazaro Santin
|
|
Batting: RHB Milt Jefferson
|
0-0: Swinging Strike 0-1: Ball 1-1: Ball 2-1: Ball 3-1: Foul Ball, location: 2F 3-2: Fly out, F6 (Flyball, 6MD, EV 89.4 MPH)
|
|
Batting: LHB Ray Crowley
|
0-0: Called Strike 0-1: Called Strike 0-2: Foul Ball, location: 2F 0-2: Strikes out looking and he ARGUES THE CALL AND IS TOSSED!
|
|
Batting: RHB Roberto Palacios
|
0-0: Swinging Strike 0-1: Ball 1-1: Swinging Strike 1-2: Foul Ball, location: 2F 1-2: Ball 2-2: Foul Ball, location: 2F 2-2: Ground out 5-3 (Groundball, 56, EV 83.8 MPH)
|
| Bottom of the 6th over - 0 runs, 0 hits, 0 errors, 0 left on base; Asheville 7 - Montgomery 0 |
| TOP OF THE 7TH |
|
Asheville Tourists batting - Pitching for Montgomery Rebels : RHP Lee Smith
|
|
Now at 1B: Frank Moisa
|
|
|
Pinch Hitting: LHB Steven Morrison
|
0-0: Ball 1-0: Ball 2-0: Fly out, F7 (Line Drive, 7, EV 96.9 MPH)
|
|
Batting: LHB Michael Robbins
|
0-0: Ball 1-0: Ball 2-0: Swinging Strike 2-1: Ball 3-1: Base on Balls
|
|
Batting: RHB Gareth Ledbetter
|
0-0: Called Strike 0-1: Foul Ball, location: 2F 0-2: Strikes out swinging
|
|
Batting: SHB Wayne Simmons
|
0-0: Ball 1-0: Called Strike 1-1: Ball 2-1: Fly out, F8 (Line Drive, 8RM, EV 91.3 MPH)
|
| Top of the 7th over - 0 runs, 0 hits, 0 errors, 1 left on base; Asheville 7 - Montgomery 0 |
| BOTTOM OF THE 7TH |
|
Montgomery Rebels batting - Pitching for Asheville Tourists : RHP Lazaro Santin
|
|
Now in LF: Scott Thayer
|
|
|
Batting: LHB Tyler Quistorff
|
0-0: Called Strike 0-1: Ball 1-1: Ball 2-1: Ball 3-1: Foul Ball, location: 2F 3-2: Foul Ball, location: 2F 3-2: Foul Ball, location: 2F 3-2: Reached on error, E3 (Groundball, 34, EV 105.6 MPH)
|
|
Batting: RHB Juan Espino
|
0-0: Called Strike 0-1: Ball 1-1: Foul Ball, location: 2F 1-2: Strikes out swinging
|
|
Pitching: RHP Bob Hudson
|
|
|
Batting: SHB Mike Thorpe
|
0-0: Called Strike Tyler Quistorff steals 2nd base 0-1: SINGLE (Groundball, 6M, EV 88.1 MPH) (infield hit) Tyler Quistorff to third
|
|
Pinch Hitting: LHB Greg Johnston
|
0-0: Ball 1-0: Ball 2-0: Ball 3-0: Base on Balls Mike Thorpe to second
|
|
Pinch Hitting: LHB Dustin Hipp
|
0-0: Called Strike 0-1: Grounds into double play, 6-4-3 (Groundball, 6, EV 81.9 MPH)
|
| Bottom of the 7th over - 0 runs, 1 hit, 1 error, 2 left on base; Asheville 7 - Montgomery 0 |
| TOP OF THE 8TH |
|
Asheville Tourists batting - Pitching for Montgomery Rebels : RHP Lee Smith
|
|
Now in LF: Dustin Hipp
|
|
|
Now in RF: Greg Johnston
|
|
|
Batting: RHB Tony Toups
|
0-0: Called Strike 0-1: Called Strike 0-2: Ground out 5-3 (Groundball, 56S, EV 61.9 MPH)
|
|
Batting: RHB Ulises Infante
|
0-0: Ball 1-0: Ball 2-0: Ball 3-0: Called Strike 3-1: Foul Ball, location: 2F 3-2: SINGLE (Groundball, 34S, EV 70.6 MPH) (infield hit)
|
|
Batting: LHB Elias Nava
|
0-0: Ball 1-0: Swinging Strike 1-1: Grounds into double play, 6-4-3 (Groundball, 6, EV 85.0 MPH)
|
| Top of the 8th over - 0 runs, 1 hit, 0 errors, 0 left on base; Asheville 7 - Montgomery 0 |
| BOTTOM OF THE 8TH |
|
Montgomery Rebels batting - Pitching for Asheville Tourists : RHP Bob Hudson
|
|
Batting: LHB Dwayne Murphy
|
0-0: Ball 1-0: Ball 2-0: Ground out 6-3 (Groundball, 56, EV 90.6 MPH)
|
|
Batting: RHB Milt Jefferson
|
0-0: Ball 1-0: Called Strike 1-1: Reached on error, E5 (Groundball, 56, EV 104.4 MPH)
|
|
Batting: RHB Frank Moisa
|
0-0: Swinging Strike 0-1: Ground out U3 (Groundball, 3S, EV 66.3 MPH) Milt Jefferson to second
|
|
Batting: RHB Roberto Palacios
|
0-0: Called Strike 0-1: Foul Ball, location: 2F 0-2: Foul Ball, location: 2F 0-2: Strikes out swinging
|
| Bottom of the 8th over - 0 runs, 0 hits, 1 error, 1 left on base; Asheville 7 - Montgomery 0 |
| TOP OF THE 9TH |
|
Asheville Tourists batting - Pitching for Montgomery Rebels : RHP Lee Smith
|
|
Batting: LHB Donald Mazzilli
|
0-0: Foul Ball, location: 2F 0-1: Ball 1-1: Ball 2-1: Foul Ball, location: 2F 2-2: Ball 3-2: Foul Ball, location: 2F 3-2: Base on Balls
|
|
Pitching: RHP Tony Tinoco
|
|
|
Batting: SHB Dan Hanggie
|
0-0: Ball 1-0: SINGLE (Groundball, 4MD, EV 99.4 MPH) Donald Mazzilli to second
|
|
Batting: RHB Scott Thayer
|
0-0: Ball 1-0: Foul Ball, location: 2F 1-1: Swinging Strike 1-2: Strikes out swinging
|
|
Batting: LHB Michael Robbins
|
0-0: Swinging Strike 0-1: Foul Ball, location: 2F 0-2: Strikes out swinging
|
|
Batting: RHB Gareth Ledbetter
|
0-0: Ball 1-0: Swinging Strike 1-1: Foul Ball, location: 2F 1-2: Strikes out looking
|
| Top of the 9th over - 0 runs, 1 hit, 0 errors, 2 left on base; Asheville 7 - Montgomery 0 |
| BOTTOM OF THE 9TH |
|
Montgomery Rebels batting - Pitching for Asheville Tourists : RHP Bob Hudson
|
|
Batting: LHB Tyler Quistorff
|
0-0: Ball 1-0: Ball 2-0: Foul Ball, location: 2F 2-1: Ball 3-1: Fly out, F7 (Line Drive, 7, EV 101.9 MPH)
|
|
Pinch Hitting: RHB Mike Colbern
|
0-0: Called Strike 0-1: Foul Ball, location: 2F 0-2: Strikes out swinging
|
|
Batting: SHB Mike Thorpe
|
0-0: Called Strike 0-1: Ball 1-1: Foul Ball, location: 2F 1-2: Ball 2-2: Ground out 6-3 (Groundball, 6M, EV 84.4 MPH)
|
| Bottom of the 9th over - 0 runs, 0 hits, 0 errors, 0 left on base; Asheville 7 - Montgomery 0 |
|